 Dungeon Crawl Stone Soup version 0.19.5 (webtiles) character file.

623895 JeffiDaFish the Hoplite (level 27, -2/186 HPs)
             Began as a Gargoyle Fighter on Sept 19, 2017.
             Was a High Priest of Okawaru.
             Killed by divine providence
             ... invoked by a daeva
              (16 damage)
             ... in Pandemonium on Sept 21, 2017.
             The game lasted 03:00:53 (65350 turns).

JeffiDaFish the Hoplite (Gargoyle Fighter)         Turns: 65350, Time: 03:00:54

Health: -2/186     AC: 83    Str: 30    XL:     27
Magic:  33/43      EV: 20    Int: 10    God:    Okawaru [*****.]
Gold:   3930       SH: 29    Dex: 25    Spells: 1 memorised, 34 levels left

rFire  + . .     SeeInvis +     u - +11 morningstar of Voytraxy {protect, rPois rF+ rN+}
rCold  . . .     Gourm    .     g - +10 plate armour of the Apprentice {rC- MR++}
rNeg   + + +     Faith    .     q - +2 large shield {reflect}
rPois  ∞         Spirit   .     A - +2 hat {SInv}
rElec  +         Reflect  +     c - +3 cloak of the Sacrificial Victim {rCorr MP+9}
rCorr  +         Harm     .     e - +2 pair of gloves {Str+3}
MR     ++++.                    G - +2 pair of boots {run}
Stlth  ..........               H - macabre finger necklace {rN+}
                                y - ring of Robustness {AC+8}
                                C - +5 ring of dexterity
                                R - ring of the Good {rElec rC+ Str+4 Dex+2}

@: about to teleport, finesse, protection aura, flying, very slightly
contaminated, glowing, studying Fighting, quick
A: big wings, thin metallic scales 1, negative energy resistance 1, screaming 1,
electricity resistance, unbreathing, petrification resistance, rot immunity, AC
+20
a: Stop Flying, Heroism, Finesse, Renounce Religion
}: 4/15 runes: serpentine, barnacled, silver, demonic


You were in Pandemonium.
You worshipped Okawaru.
Okawaru was extremely pleased with you.
You were not hungry.

You visited 9 branches of the dungeon, and saw 45 of its levels.
You visited Pandemonium 1 time, and saw 2 of its levels.

You collected 7718 gold pieces.
You spent 3788 gold pieces at shops.

Inventory:

Hand Weapons
 k - a +8 demon whip of electrocution
 u - the +11 morningstar of Voytraxy (weapon) {protect, rPois rF+ rN+}
   (Okawaru gifted it to you on level 4 of the Vaults)

   It protects the one who uses it against injury (+AC on strike).
   It protects you from fire.
   It protects you from poison.
   It protects you from negative energy.
Armour
 c - the +3 cloak of the Sacrificial Victim (worn) {rCorr MP+9}
   (You found it on level 4 of the Vaults)

   It affects your magic capacity (+9).
   It protects you from acid and corrosion.
 e - a +2 pair of gloves of strength (worn)
 g - the +10 plate armour of the Apprentice (worn) {rC- MR++}
   (You bought it in a shop on level 2 of the Orcish Mines)

   It makes you vulnerable to cold.
   It affects your resistance to hostile enchantments.
 q - a +2 large shield of reflection (worn)
 A - a +2 hat of see invisible (worn)
 G - a +2 pair of boots of running (worn)
 N - a +5 crystal plate armour
Jewellery
 n - an uncursed ring of protection from fire
 r - the amulet of the Exiled Lives {rF+ Regen+}
   (You bought it in a shop on level 1 of the Elven Halls)

   [amulet of regeneration]

   It protects you from fire.
   It increases your rate of regeneration.
 y - the ring of Robustness (right hand) {AC+8}
   (You found it on level 2 of the Lair of Beasts)

   [ring of protection]

   It affects your AC (+8).
 C - a +5 ring of dexterity (left hand)
 H - the macabre finger necklace (around neck) {rN+}
   (You found it on level 14 of the Dungeon)

   [amulet of nothing]

   It protects you from negative energy.
 R - the ring of the Good (on amulet) {rElec rC+ Str+4 Dex+2}
   (You took it off a vault sentinel on level 5 of the Vaults)

   [ring of dexterity]

   It affects your strength (+4).
   It affects your dexterity (+2).
   It protects you from cold.
   It insulates you from electricity.
Wands
 v - a wand of hasting (9/9)
Scrolls
 b - 7 scrolls of blinking
 j - 19 scrolls of remove curse
 m - a scroll of holy word
 p - 7 scrolls of magic mapping
 s - 9 scrolls of recharging
 x - 16 scrolls of teleportation
 E - 6 scrolls of identify
 F - a scroll of fog
 J - a scroll of fear
 P - 2 scrolls of brand weapon
Potions
 a - a potion of brilliance
 l - 3 potions of heal wounds
 z - 7 potions of agility
 B - 23 potions of curing
 D - 6 potions of might
 I - 2 potions of berserk rage
 L - 3 potions of haste
 M - 2 potions of cure mutation
 S - 4 potions of resistance
Books
 w - a manual of Fighting
Comestibles
 d - 16 slices of pizza
 f - 19 bread rations
 h - 26 meat rations
 i - 9 beef jerkies
 o - 52 fruits
 t - 4 chunks of flesh


   Skills:
 * Level 22.4 Fighting
 * Level 21.7 Maces & Flails
 * Level 22.6 Armour
 + Level 13.2 Dodging
 - Level 0.8 Stealth
 * Level 22.8 Shields
 + Level 5.0 Spellcasting
 + Level 5.7 Translocations
 - Level 15.0 Invocations


You had 34 spell levels left.
You knew the following spells:

 Your Spells              Type           Power        Failure   Level  Hunger
a - Blink                 Tloc           N/A          17%         2    ##.....


Dungeon Overview and Level Annotations

Branches:
Dungeon (15/15)            Temple (1/1) D:5            Lair (6/6) D:9
 Shoals (4/4) Lair:3        Snake (4/4) Lair:3        Slime (0/5) Lair:5
    Orc (2/2) D:10            Elf (3/3) Orc:2        Vaults (5/5) D:13
  Crypt (0/3) Vaults:2     Depths (5/5) D:15            Zot (0/5) Depths:5

Altars:
Ashenzari
Cheibriados
Dithmenos
Elyvilon
Fedhas
Gozag
Hepliaklqana
Kikubaaqudgha
Makhleb
Nemelex Xobeh
Okawaru
Qazlal
Ru
Uskayaw
Vehumet
Xom
Yredelemnul
Zin
Beogh

Shops:
D:11 *   Orc:2 [(}[   Elf:1 =   Elf:3 (*([   Shoals:1 *   Snake:2 =[[
Snake:3 [   Vaults:1 }   Vaults:2 }   Vaults:3 *%!   Vaults:4 *   Depths:5 ==}

Portals:
Hell: Depths:1 Depths:2 Depths:3 Depths:4 Depths:5
Abyss: Depths:2 Depths:4
Pandemonium: Depths:2 Depths:3 Depths:5
Ziggurat: Depths:1
Trove: Vaults:3 (give 6 potions of haste)


Innate Abilities, Weirdness & Mutations

You are resistant to torment.
Your stone body is resilient. (AC +20)
You are immune to poison.
Your large and strong wings let you fly indefinitely.
You resist negative energy. (rN+)
You are resistant to electric shocks. (rElec)
You can survive without breathing.
You are immune to petrification.
You are immune to rotting.
You are partially covered in thin metallic scales. (AC +2)
You occasionally shout uncontrollably at your foes.


Message History

The daeva hits you but does no damage.
The daeva calls down the wrath of Zin upon you.
Zin smites you!
* * * LOW HITPOINT WARNING * * *
The daeva calls down the wrath of Zin upon you.
Zin smites you!
* * * LOW HITPOINT WARNING * * *
You block the daeva's attack. x2
The daeva calls down the wrath of Zin upon you.
Zin smites you!
* * * LOW HITPOINT WARNING * * *
The daeva calls down the wrath of Zin upon you.
Zin smites you!
* * * LOW HITPOINT WARNING * * *
Casting: Blink
Confirm with . or Enter, or press ? or * to list all spells.
You blink.
The daeva calls down the wrath of Zin upon you.
Zin smites you!
You die...

## ### ### ## ...
....#.. .## ..
.....#..## . #......#
######### ## #..@...#
#.#.#.#.#.#.........##
'.....§§§.'§###.A._..#
#.#.#.#.#.#§....A...##
##############.AGA..#
......# #.A§A..#
...##.# #....A#§.##
....# ....#.. .##
##....# ### ### ##


You could see 7 daevas and an ophan.

Vanquished Creatures
  A seraph (Pan)
  2 ancient liches
  A pandemonium lord (Pan)
  Mara (Depths:4)
  A juggernaut (Depths:2)
  Frederick (Depths:3)
  Margery (Vaults:4)
  Bai Suzhen (Depths:1)
  Saint Roka (Snake:2)
  A caustic shrike (shapeshifter) (Depths:3)
  7 golden dragons
  A profane servitor (Depths:1)
  Jory (Vaults:3)
  3 liches
  A pearl dragon (Pan)
  Nikola (Shoals:2)
  Jorgrun (Vaults:4)
  The ghost of JeffiDaFish the Peltast, an adept GrFi of Okawaru (Vaults:3)
  8 tentacled monstrosities
  2 deep elf master archers (Elf:3)
  3 deep elf blademasters
  Asterion (Elf:1)
  8 titans
  A quicksilver dragon (Vaults:5)
  A kraken (Shoals:3)
  Gastronok (Lair:2)
  8 tengu reavers
  A storm dragon (shapeshifter) (Depths:3)
  Kirke (D:14)
  5 shadow dragons
  Ilsuiw (Shoals:4)
  8 storm dragons
  12 nagarajas
  3 daevas (Pan)
  An iron dragon (shapeshifter) (Depths:3)
  3 deep elf sorcerers
  11 frost giants
  9 fire giants
  Roxanne (Elf:1)
  3 iron dragons
  A balrug (Pan)
  A warmonger (Pan)
  16 angels (Pan)
  12 vault wardens
  15 ironheart preservers
  A draconian knight (Depths:5)
  An orc warlord (Orc:2)
  5 deep elf elementalists
  A spriggan defender (Depths:2)
  20 very ugly things
  9 war gargoyles
  A corrupter (Pan)
  2 reapers (Pan)
  10 ophanim (Pan)
  17 stone giants
  6 apis (Pan)
  A blood saint (Pan)
  17 deep elf demonologists
  5 large abominations
  2 entropy weavers (Vaults:3)
  A green draconian (Depths:5)
  2 vampire knights (Depths:2)
  2 black suns (Pan)
  5 purple draconians (Depths:5)
  18 deep elf annihilators
  A white draconian (Depths:5)
  2 red draconians (Depths:5)
  9 spark wasps
  A mottled draconian (Depths:5)
  4 merfolk javelineers
  2 pearl dragon zombies (Depths:1)
  3 green deaths (Pan)
  6 fire dragons
  9 deep elf death magi
  21 ettins
  18 yaktaur captains
  8 merfolk impalers
  23 ogre magi
  3 deep elf high priests
  Erolcha (D:10)
  10 rakshasas
  10 ice dragons
  41 vault guards
  A monstrous demonspawn (Pan)
  5 great orbs of eyes
  11 hydras
  8 merfolk avatars
  9 naga warriors
  2 juggernaut simulacra (Depths:3)
  2 alligator snapping turtles (Shoals:4)
  5 spriggan air magi
  3 death knights
  2 catoblepae
  7 merfolk aquamancers
  28 anacondas
  An anaconda (shapeshifter) (Depths:3)
  2 satyrs
  29 dancing weapons
  7 deep troll shamans
  A hell hog (shapeshifter) (Depths:3)
  3 hell hogs (Depths:1)
  22 centaur warriors
  5 tengu warriors
  6 deep troll earth magi
  A death yak (D:12)
  6 spriggan berserkers
  23 naga sharpshooters
  A shock serpent (shapeshifter) (Vaults:4)
  Sonja (D:11)
  An orc high priest (Orc:2)
  9 shock serpents
  2 sun demons (Pan)
  The ghost of JeffiDaFish the Basher, a novice GrFi of Okawaru (D:8)
  5 soul eaters (Pan)
  15 deep elf knights
  A sixfirhy (Pan)
  A fire crab (Lair:6)
  2 shadow wraiths (Vaults:4)
  4 iron trolls
  8 cherubim (Pan)
  2 fire crabs (shapeshifter)
  20 deep trolls
  24 hell knights
  5 salamander mystics
  A deep troll (shapeshifter) (Depths:2)
  4 skeletal warriors (Vaults:1)
  A storm dragon skeleton (Vaults:1)
  10 sea snakes
  An unseen horror (shapeshifter) (Vaults:4)
  3 torturous demonspawn (Pan)
  An unseen horror (D:12)
  2 infernal demonspawn (Pan)
  10 wizards
  A gelid demonspawn (Pan)
  3 glowing orange brains
  15 naga ritualists
  2 flayed ghosts
  7 necromancers
  17 deep elf archers
  2 phantasmal warriors (Vaults:4)
  18 orc knights
  6 hill giants
  21 harpies
  22 ironbrand convokers
  9 mana vipers
  61 ugly things
  An oklob plant (Lair:5)
  12 salamanders
  2 human zombies (Vaults:4)
  6 wolf spiders
  80 deep elf magi
  14 cyclopes
  3 orc sorcerers
  18 manticores
  17 fauns
  A sphinx skeleton (Vaults:1)
  2 salamanders (shapeshifter)
  A stone giant zombie (Vaults:1)
  7 elephants
  2 centaur zombies
  2 fire giant zombies
  4 apis skeletons (Depths:1)
  A fire giant skeleton (Depths:1)
  11 water nymphs
  A water nymph (shapeshifter) (Depths:3)
  14 naga magi
  A stone giant skeleton (Depths:1)
  2 molten gargoyles (Lair:6)
  11 sirens
  47 black mambas
  12 guardian serpents
  7 orange demons
  A spriggan skeleton (Depths:1)
  2 storm dragon simulacra
  An eye of devastation (Lair:5)
  An eye of devastation (shapeshifter) (Vaults:2)
  4 smoke demons (Pan)
  13 vault sentinels
  6 spiny frogs
  2 spiny frogs (shapeshifter)
  34 yaktaurs
  5 gargoyles
  An efreet (Depths:3)
  A demonic crawler (Pan)
  A komodo dragon (shapeshifter) (D:15)
  13 komodo dragons
  The ghost of Ruich the Cudgeler, an amateur OgFi of Okawaru (D:5)
  9 freezing wraiths
  6 red devils
  A tengu conjurer (Depths:4)
  A small abomination (Elf:3)
  2 ice devils (Lair:2)
  A hellwing (Pan)
  A queen bee (D:13)
  2 merfolk (shapeshifter)
  9 polar bears
  35 merfolk
  6 trolls
  32 two-headed ogres
  A wolf spider simulacrum (Vaults:1)
  3 meliai (D:13)
  10 hornets
  7 wind drakes
  A slime creature (shapeshifter) (Vaults:2)
  19 blink frogs
  9 snapping turtles
  2 dream sheep (shapeshifter) (Depths:3)
  15 hippogriffs
  9 dream sheep
  A hippogriff (shapeshifter) (Vaults:4)
  A raiju (shapeshifter) (Vaults:5)
  2 centaur simulacra (D:12)
  33 slime creatures
  A fire dragon zombie (Depths:1)
  7 spriggans
  2 shadows
  17 water elementals
  A redback (shapeshifter) (Elf:1)
  An ettin skeleton (Depths:1)
  An air elemental (Elf:1)
  10 wyverns
  2 hogs (D:14)
  72 yaks
  3 ynoxinuls (Pan)
  3 redbacks (Vaults:3)
  4 wraiths
  A tarantella (shapeshifter) (Depths:3)
  3 fire elementals
  A steam dragon (D:8)
  4 basilisks
  A human (D:13)
  Eustachio (D:5)
  A golden eye (shapeshifter) (Vaults:4)
  8 chaos spawn (Pan)
  8 wargs
  56 nagas
  A soldier ant (shapeshifter) (Depths:2)
  A soldier ant (D:15)
  A water moccasin (shapeshifter) (Vaults:4)
  6 porcupines
  Duvessa (D:7)
  4 water moccasins
  5 hell hounds (Lair:6)
  3 sky beasts
  A swamp drake (shapeshifter) (Vaults:5)
  54 orc warriors
  2 eyes of draining (shapeshifter)
  6 ice beasts
  A swamp drake (D:10)
  An eye of draining (Lair:5)
  A necrophage (D:14)
  2 black bears
  71 ogres
  13 wolves
  2 boggarts (shapeshifter)
  3 phantoms
  11 boggarts
  21 centaurs
  16 crocodiles
  Blork the orc (D:5)
  4 big kobolds
  18 bullfrogs
  A wyvern zombie (D:12)
  An earth elemental (Elf:1)
  2 human simulacra
  Dowan (D:7)
  A gnoll sergeant (D:5)
  A glowing shapeshifter simulacrum (Vaults:4)
  6 scorpions
  2 wyvern skeletons
  A hornet simulacrum (D:12)
  16 killer bees (D:13)
  5 wights
  2 electric eels
  5 crimson imps
  5 lava snakes (Lair:6)
  3 bullfrog zombies
  A quasit (D:7)
  5 hounds
  2 jellies
  A gnoll shaman (D:4)
  28 orc priests
  A water moccasin simulacrum (D:12)
  30 orc wizards
  5 centaur skeletons
  4 iguanas
  2 bullfrog skeletons
  Natasha (D:4)
  10 worker ants
  A bullfrog simulacrum (D:12)
  A hound zombie (D:11)
  A worker ant zombie (D:8)
  A howler monkey skeleton (D:10)
  6 gnolls
  10 adders
  4 shadow imps
  3 white imps (D:12)
  An ufetubus (D:12)
  2 oozes
  3 adder skeletons
  5 worms
  5 leopard geckos
  139 orcs
  7 giant cockroaches
  4 goblins
  5 hobgoblins
  16 jackals
  3 quokkas
  2 ball pythons (D:1)
  7 bats
  9 frilled lizards
  7 kobolds
  2 quokka skeletons
  2 quokka zombies
  4 rats
  A butterfly (Lair:6)
  2 crawling corpses (Elf:3)
  3 fire vortices
  4 tentacles (Shoals:3)
2413 creatures vanquished.

Vanquished Creatures (others)
  A deep elf master archer (Depths:3)
  2 green deaths (Pan)
  A merfolk impaler (Shoals:4)
  A dancing weapon (Elf:2)
  A centaur warrior (Depths:1)
  A soul eater (Pan)
  A deep elf knight (Elf:2)
  A necromancer (Depths:1)
  2 deep elf archers
  An ugly thing (Depths:4)
  2 deep elf magi
  A molten gargoyle (Lair:6)
  2 naga magi
  5 yaktaurs
  2 tengu conjurers (Depths:1)
  4 humans (D:14)
  An orc warrior (Vaults:4)
  2 orcs (Vaults:4)
  A crawling corpse (Elf:3)
  5 fungi
  9 plants
  8 tentacles (Shoals:3)
54 creatures vanquished.

Grand Total: 2467 creatures vanquished

Notes
Turn   | Place    | Note
-------+----------+-------------------------------------------
     0 | D:1      | JeffiDaFish the Gargoyle Fighter began the quest for the Orb.
     0 | D:1      | Reached XP level 1. HP: 14/14 MP: 1/1
   196 | D:1      | Reached XP level 2. HP: 19/19 MP: 2/2
   347 | D:1      | Gained mutation: You have large cloven feet. [potion of mutation]
   347 | D:1      | Gained mutation: You are partially covered in thin metallic scales. (AC +2) [potion of mutation]
   347 | D:1      | Gained mutation: Your body sometimes deteriorates upon taking damage. [potion of mutation]
   944 | D:2      | Reached XP level 3. HP: 18/23 MP: 3/3
  1457 | D:2      | Reached XP level 4. HP: 29/29 MP: 4/4
  2586 | D:3      | Reached XP level 5. HP: 33/33 MP: 5/5
  3013 | D:4      | Reached skill level 1 in Dodging
  3222 | D:4      | Reached XP level 6. HP: 38/38 MP: 6/6
  3452 | D:4      | Reached skill level 5 in Shields
  3631 | D:4      | Noticed Natasha
  3637 | D:4      | Killed Natasha
  3720 | D:5      | Entered Level 5 of the Dungeon
  3905 | D:5      | Found a staircase to the Ecumenical Temple.
  3923 | Temple   | Entered the Ecumenical Temple
  3949 | Temple   | Became a worshipper of Warmaster Okawaru
  4053 | D:5      | Reached XP level 7. HP: 27/43 MP: 7/7
  4138 | D:5      | Noticed Ruich's ghost (amateur OgFi)
  4152 | D:5      | Killed Ruich's ghost
  4152 | D:5      | Reached skill level 5 in Maces & Flails
  4178 | D:5      | Reached * piety under Okawaru
  4197 | D:5      | Found a stormy altar of Qazlal.
  4197 | D:5      | Found a sparkling altar of Nemelex Xobeh.
  4226 | D:5      | Noticed Blork the orc
  4244 | D:5      | Reached XP level 8. HP: 40/48 MP: 8/8
  4274 | D:4      | Reached skill level 5 in Armour
  4431 | D:5      | Killed Blork the orc
  4431 | D:5      | Reached ** piety under Okawaru
  4431 | D:5      | Reached skill level 5 in Fighting
  4616 | D:5      | Found a blossoming altar of Fedhas.
  4730 | D:5      | Noticed Eustachio
  4788 | D:5      | Killed Eustachio
  4795 | D:5      | Found a hide-covered altar of Uskayaw.
  4836 | D:5      | Found a white marble altar of Elyvilon.
  4837 | D:5      | Found a snail-covered altar of Cheibriados.
  5713 | D:6      | Reached XP level 9. HP: 22/54 MP: 9/9
  6396 | D:6      | Reached *** piety under Okawaru
  6759 | D:7      | Noticed Dowan
  6761 | D:7      | Noticed Duvessa
  6769 | D:7      | Killed Duvessa
  6777 | D:7      | Killed Dowan
  7586 | D:8      | Noticed JeffiDaFish's ghost (novice GrFi)
  7615 | D:8      | Killed JeffiDaFish's ghost
  7615 | D:8      | Reached **** piety under Okawaru
  7615 | D:8      | Reached XP level 10. HP: 41/61 MP: 10/10
  7692 | D:8      | Found a glowing silver altar of Zin.
  8277 | D:9      | Found a staircase to the Lair.
  8332 | D:9      | Noticed a three-headed hydra
  8348 | D:9      | Killed a three-headed hydra
  8348 | D:9      | Reached skill level 1 in Invocations
  8368 | D:9      | Reached ***** piety under Okawaru
  8929 | D:9      | Reached skill level 10 in Maces & Flails
  8930 | D:9      | Reached XP level 11. HP: 61/68 MP: 12/12
  9187 | D:9      | Lost mutation: You have large cloven feet. [potion of cure mutation]
  9187 | D:9      | Lost mutation: Your body sometimes deteriorates upon taking damage. [potion of cure mutation]
  9402 | D:10     | Entered Level 10 of the Dungeon
  9410 | D:10     | Noticed Erolcha
  9412 | D:10     | Paralysed by Erolcha for 5 turns
  9429 | D:10     | Killed Erolcha
  9429 | D:10     | Received a gift from Okawaru
  9429 | D:10     | Reached skill level 10 in Shields
  9512 | Lair:1   | Entered Level 1 of the Lair of Beasts
  9538 | Lair:1   | Found a labyrinth entrance.
 10312 | Lair:1   | Noticed an eight-headed hydra
 10326 | Lair:1   | Killed an eight-headed hydra
 10939 | Lair:2   | Noticed a four-headed hydra
 10959 | Lair:2   | Killed a four-headed hydra
 10959 | Lair:2   | Reached XP level 12. HP: 46/76 MP: 9/15
 11161 | Lair:2   | Noticed Gastronok
 11182 | Lair:2   | Killed Gastronok
 11567 | Lair:2   | Found a frozen archway.
 11961 | Lair:3   | Found a staircase to the Snake Pit.
 12176 | Lair:3   | Noticed a seven-headed hydra
 12190 | Lair:3   | Killed a seven-headed hydra
 12322 | Lair:3   | Found a staircase to the Shoals.
 12575 | Lair:3   | Noticed a naga sharpshooter
 12600 | Lair:3   | Killed a naga sharpshooter
 12600 | Lair:3   | Received a gift from Okawaru
 12600 | Lair:3   | Reached skill level 10 in Armour
 12600 | Lair:3   | Reached skill level 5 in Invocations
 12868 | Lair:4   | Reached skill level 10 in Fighting
 12953 | Lair:4   | Noticed a five-headed hydra
 12960 | Lair:4   | Killed a five-headed hydra
 13037 | Lair:4   | Reached XP level 13. HP: 58/82 MP: 17/17
 13047 | Lair:4   | Reached ****** piety under Okawaru
 13252 | Lair:4   | Found a glowing silver altar of Zin.
 13503 | Lair:4   | Reached skill level 5 in Dodging
 14115 | Lair:5   | Found a staircase to the Slime Pits.
 14765 | Lair:5   | Received a gift from Okawaru
 14770 | Lair:5   | Identified the quicksilver dragon scales of Inference {rF- MR+ Int+8} (Okawaru gifted it to you on level 5 of the Lair of Beasts)
 15419 | Lair:6   | Entered Level 6 of the Lair of Beasts
 15419 | Lair:6   | Found an iron altar of Okawaru.
 16363 | Lair:6   | Gained mutation: Your large and strong wings let you fly indefinitely. [Gargoyle growth]
 16363 | Lair:6   | Reached XP level 14. HP: 68/90 MP: 18/18
 17520 | Lair:6   | Found a large runed door.
 17522 | Lair:6   | Found a large runed door.
 18150 | D:10     | Found a staircase to the Orcish Mines.
 18177 | D:10     | Received a gift from Okawaru
 18237 | D:10     | Identified a +2 pair of boots of running (Okawaru gifted it to you on level 10 of the Dungeon)
 18797 | D:11     | Found Idwiu's General Store.
 18839 | D:11     | Noticed Sonja
 18854 | D:11     | Killed Sonja
 20849 | D:13     | Reached XP level 15. HP: 96/96 MP: 20/20
 20984 | D:13     | Found a gate to the Vaults.
 21208 | D:13     | Received a gift from Okawaru
 22108 | D:14     | Noticed Kirke
 22129 | D:14     | Killed Kirke
 23014 | D:14     | Received a gift from Okawaru
 23041 | D:15     | Entered Level 15 of the Dungeon
 23731 | D:15     | Reached XP level 16. HP: 101/104 MP: 22/22
 23834 | D:15     | Found a staircase to the Depths.
 24165 | D:15     | Received a gift from Okawaru
 24168 | D:15     | Got a pair of fine gloves {god gift}
 24179 | D:15     | Identified the +2 pair of gloves of Puduosih {rN+} (Okawaru gifted it to you on level 15 of the Dungeon)
 24357 | Orc:1    | Entered Level 1 of the Orcish Mines
 24651 | Orc:2    | Entered Level 2 of the Orcish Mines
 24910 | Orc:2    | Found a roughly hewn altar of Beogh.
 25234 | Orc:2    | Found Esitsupi's Antique Armour Boutique.
 25244 | Orc:2    | Found a roughly hewn altar of Beogh.
 25268 | Orc:2    | Found Tomus's Antique Weapon Shop.
 25277 | Orc:2    | Bought a glowing cloak for 325 gold pieces
 25355 | Orc:2    | Found a roughly hewn altar of Beogh.
 25356 | Orc:2    | Found Isihufoo's Antique Armour Shoppe.
 25495 | Orc:2    | Found a staircase to the Elven Halls.
 25549 | Orc:2    | Found a roughly hewn altar of Beogh.
 25597 | Orc:2    | Bought a distressingly furry plate armour for 868 gold pieces
 25607 | Orc:2    | Identified the +10 plate armour of the Apprentice {rC- MR++} (You bought it in a shop on level 2 of the Orcish Mines)
 25634 | Orc:2    | Found a roughly hewn altar of Beogh.
 25682 | Orc:2    | Found a roughly hewn altar of Beogh.
 25806 | Orc:2    | Found a roughly hewn altar of Beogh.
 25807 | Orc:2    | Found Vutao's Gadget Emporium.
 26441 | Shoals:1 | Entered Level 1 of the Shoals
 27363 | Shoals:1 | Found Qeutij's Assorted Antiques.
 27567 | Shoals:1 | Bought a pair of glowing gloves for 336 gold pieces
 27767 | Shoals:1 | Reached skill level 15 in Shields
 28045 | Shoals:2 | Received a gift from Okawaru
 28111 | Shoals:2 | Reached skill level 15 in Maces & Flails
 28137 | Shoals:2 | Noticed Nikola
 28150 | Shoals:2 | Killed Nikola
 28560 | Shoals:2 | Reached XP level 17. HP: 104/111 MP: 23/23
 29673 | Shoals:3 | Noticed a kraken
 29712 | Shoals:3 | Killed a kraken
 30419 | Shoals:4 | Entered Level 4 of the Shoals
 30493 | Shoals:4 | Noticed Ilsuiw
 30502 | Shoals:4 | Received a gift from Okawaru
 30555 | Shoals:4 | Killed Ilsuiw
 31228 | Shoals:4 | Reached skill level 15 in Armour
 31561 | Shoals:4 | Reached skill level 15 in Fighting
 31634 | Shoals:4 | Reached XP level 18. HP: 92/119 MP: 23/25
 31697 | Shoals:4 | Got a barnacled rune of Zot
 31868 | Shoals:4 | Reached skill level 10 in Invocations
 31892 | Shoals:4 | Received a gift from Okawaru
 31903 | Shoals:4 | Identified the +0 mace of Fiam {speed, rF+} (Okawaru gifted it to you on level 4 of the Shoals)
 32260 | Snake:1  | Entered Level 1 of the Snake Pit
 33159 | Snake:2  | Received a gift from Okawaru
 33177 | Snake:2  | Identified the +1 pair of gloves of Ladders and Snakes {rF- MR++} (Okawaru gifted it to you on level 2 of the Snake Pit)
 33244 | Snake:2  | Found Ponietit's Antique Armour Shop.
 33342 | Snake:2  | Found Uvoxto's Jewellery Emporium.
 33350 | Snake:2  | Bought a +5 ring of dexterity for 782 gold pieces
 33561 | Snake:2  | Found an opulent altar of Gozag.
 33587 | Snake:2  | Noticed Saint Roka
 33627 | Snake:2  | Killed Saint Roka
 33859 | Snake:2  | Found Muowniah's Armour Shoppe.
 34861 | Snake:3  | Received a gift from Okawaru
 34881 | Snake:3  | Reached XP level 19. HP: 123/125 MP: 27/27
 35022 | Snake:3  | Found Qiacs's Armour Shoppe.
 35427 | Snake:4  | Entered Level 4 of the Snake Pit
 36377 | Snake:4  | Received a gift from Okawaru
 36451 | Snake:4  | Received a gift from Okawaru
 36877 | Snake:4  | Got a serpentine rune of Zot
 36948 | Snake:4  | Reached XP level 20. HP: 132/132 MP: 28/28
 37526 | Vaults:1 | Entered Level 1 of the Vaults
 37558 | Vaults:1 | Received a gift from Okawaru
 37913 | Vaults:1 | Found Kuimufub's Gadget Emporium.
 38358 | Vaults:1 | Received a gift from Okawaru
 39189 | Vaults:2 | Reached skill level 10 in Dodging
 39210 | Vaults:2 | Received a gift from Okawaru
 39238 | Vaults:2 | Identified the +3 morningstar "Ynkim" {crush, *Drain Int+5} (Okawaru gifted it to you on level 2 of the Vaults)
 39703 | Vaults:2 | Reached XP level 21. HP: 123/140 MP: 30/30
 39912 | Vaults:2 | Found a staircase to the Crypt.
 39912 | Vaults:2 | Found an ancient bone altar of Kikubaaqudgha.
 39913 | Vaults:2 | Found a basalt altar of Yredelemnul.
 40184 | Vaults:2 | Found Pasoh's Gadget Shop.
 40435 | Vaults:2 | Received a gift from Okawaru
 40799 | Vaults:3 | Noticed Jory
 40831 | Vaults:3 | Killed Jory
 41367 | Vaults:3 | Received a gift from Okawaru
 41370 | Vaults:3 | Identified the +3 pair of gloves of the Untouchables {*Drain rPois MR+ Dex+2} (Okawaru gifted it to you on level 3 of the Vaults)
 42346 | Vaults:3 | Found a portal to a secret trove of treasure.
 42412 | Vaults:3 | Noticed JeffiDaFish's ghost (adept GrFi)
 42584 | Vaults:3 | Killed JeffiDaFish's ghost
 42907 | Vaults:3 | Found Dunkiar's Distillery.
 42915 | Vaults:3 | Bought a potion of haste for 150 gold pieces
 43044 | Vaults:3 | Reached XP level 22. HP: 122/147 MP: 31/31
 43362 | Vaults:3 | Received a gift from Okawaru
 43618 | Vaults:3 | Found Wehiru's General Store.
 43663 | Vaults:3 | Found Ibunin's Food Shoppe.
 44139 | Vaults:4 | Found Kepa Bio's Assorted Antiques.
 44291 | Vaults:4 | Noticed Margery
 44311 | Vaults:4 | Killed Margery
 44334 | Vaults:4 | Received a gift from Okawaru
 44775 | Vaults:4 | Got a scorched cloak
 44786 | Vaults:4 | Identified the +3 cloak of the Sacrificial Victim {rCorr MP+9} (You found it on level 4 of the Vaults)
 45258 | Vaults:5 | Entered Level 5 of the Vaults
 45312 | Vaults:5 | Noticed a golden dragon
 45348 | Vaults:5 | Noticed Jorgrun
 46048 | Vaults:4 | Killed Jorgrun
 46356 | Vaults:4 | Received a gift from Okawaru
 46402 | Vaults:4 | Identified the +11 morningstar of Voytraxy {protect, rPois rF+ rN+} (Okawaru gifted it to you on level 4 of the Vaults)
 46431 | Vaults:4 | Reached XP level 23. HP: 99/153 MP: 32/32
 46794 | Vaults:4 | Killed a golden dragon
 47120 | Vaults:4 | Received a gift from Okawaru
 47153 | Vaults:4 | Got a twitching amber ring
 47525 | Vaults:5 | Noticed an ancient lich
 47546 | Vaults:5 | Killed an ancient lich
 47944 | Vaults:4 | Identified the ring of Cuser {rC+ EV+1 Int+6 SInv} (You took it off a yaktaur captain on level 4 of the Vaults)
 48386 | Vaults:5 | Noticed a golden dragon
 48405 | Vaults:4 | Killed a golden dragon
 48469 | Vaults:5 | Noticed a golden dragon
 48485 | Vaults:5 | Killed a golden dragon
 48540 | Vaults:5 | Received a gift from Okawaru
 48680 | Vaults:5 | Identified a scroll of acquirement
 48710 | Vaults:5 | Got a fine glass ring
 48869 | Vaults:5 | Got a pair of crude gloves
 48880 | Vaults:5 | Identified the +4 pair of gloves "Zaage" {rPois Int+2} (You acquired it on level 5 of the Vaults)
 48955 | Vaults:5 | Got a silver rune of Zot
 49053 | Vaults:5 | Got a crude amethyst amulet
 49054 | Vaults:5 | Identified the amulet of Zyhetusu {*Contam +Rage rPois Dex+3} (You found it on level 5 of the Vaults)
 49055 | Vaults:5 | Identified the ring of the Good {rElec rC+ Str+4 Dex+2} (You took it off a vault sentinel on level 5 of the Vaults)
 49143 | Vaults:5 | Identified the Tome of Confrontation
 49205 | Vaults:5 | Identified The Foundations of Witchcraft
 49208 | Vaults:5 | Identified the Handbook of the Bard
 49425 | Vaults:5 | Reached XP level 24. HP: 161/161 MP: 33/33
 50411 | Elf:1    | Entered Level 1 of the Elven Halls
 50540 | Elf:1    | Noticed Roxanne
 50548 | Elf:1    | Killed Roxanne
 50596 | Elf:1    | Received a gift from Okawaru
 50874 | Elf:1    | Identified the Almanac of Companions
 51006 | Elf:1    | Found Xinaar's Jewellery Boutique.
 51029 | Elf:1    | Bought the amulet of the Exiled Lives {rF+ Regen+} for 792 gold pieces
 51198 | Elf:1    | Noticed Asterion
 51324 | Elf:1    | Killed Asterion
 52067 | Elf:2    | Found a huge runed gate.
 52067 | Elf:2    | Found a huge runed gate.
 52067 | Elf:2    | Found a huge runed gate.
 52068 | Elf:2    | Found a huge runed gate.
 52071 | Elf:2    | Found a huge runed gate.
 52729 | Elf:3    | Entered Level 3 of the Elven Halls
 52860 | Elf:3    | Found Nonarhil's Antique Weapon Boutique.
 52919 | Elf:3    | Found Celaix's Assorted Antiques.
 52931 | Elf:3    | Bought a scroll of enchant weapon for 210 gold pieces
 53098 | Elf:3    | Found Denil's Antique Armour Boutique.
 53101 | Elf:3    | Bought a runed cloak for 325 gold pieces
 53224 | Elf:3    | Found Ruodiep's Antique Weapon Shoppe.
 53432 | Elf:3    | Received a gift from Okawaru
 54239 | Elf:3    | Got a pitted lead ring
 54242 | Elf:3    | Got a scintillating platinum ring
 54272 | Elf:3    | Identified the ring of Xusec {rN++ Stlth-} (You took it off a deep elf death mage on level 3 of the Elven Halls)
 54274 | Elf:3    | Identified the ring "Iskemes" {-Tele +Fly rPois rF+ Str+9} (You took it off a deep elf annihilator on level 3 of the Elven Halls)
 54294 | Elf:3    | Got a twitching marble ring
 54299 | Elf:3    | Identified the ring "Sakk" {Fire Int+3} (You took it off a deep elf demonologist on level 3 of the Elven Halls)
 54433 | Elf:3    | Identified the Disquisition on Attacks
 54506 | Elf:3    | Identified the Tome of Snow and Evil Secrets
 54520 | Elf:3    | Got a glittering brass ring
 54522 | Elf:3    | Got a smoking lapis lazuli ring
 54876 | Depths:1 | Entered Level 1 of the Depths
 54883 | Depths:1 | Reached XP level 25. HP: 160/168 MP: 33/33
 55207 | Depths:1 | Found a basalt altar of Yredelemnul.
 55299 | Depths:1 | Noticed Bai Suzhen
 55329 | Depths:1 | Killed Bai Suzhen
 55674 | Depths:1 | Found a gateway to a ziggurat.
 56249 | Depths:1 | Found a gateway to Hell.
 56450 | Depths:2 | Received a gift from Okawaru
 56863 | Depths:2 | Noticed a juggernaut
 56897 | Depths:2 | Killed a juggernaut
 57535 | Depths:2 | Found a one-way gate leading to the halls of Pandemonium.
 57648 | Depths:2 | Found a one-way gate to the infinite horrors of the Abyss.
 58086 | Depths:2 | Identified Esyekawe's Papyrus of Creative Black Arts
 58299 | Depths:3 | Gained mutation: You occasionally shout uncontrollably at your foes. [a shining eye]
 58449 | Depths:3 | Noticed Frederick
 58454 | Depths:3 | Reached XP level 26. HP: 103/177 MP: 34/34
 58474 | Depths:3 | Killed Frederick
 58474 | Depths:3 | Received a gift from Okawaru
 58715 | Depths:3 | Reached skill level 15 in Invocations
 58745 | Depths:3 | Learned a level 2 spell: Blink
 58943 | Depths:3 | Reached skill level 1 in Spellcasting
 58943 | Depths:3 | Reached skill level 1 in Translocations
 59827 | Depths:4 | Noticed Mara
 59827 | Depths:4 | Identified the ring "Odaick" {+Fly Int+4 Dex+3} (You found it on level 3 of the Elven Halls)
 59847 | Depths:4 | Noticed JeffiDaFish's illusion
 59868 | Depths:4 | Killed Mara
 59892 | Depths:4 | Identified the cursed ring "Basabuse" {rElec rN++ Str-2 Dex-3 SInv} (You found it on level 3 of the Elven Halls)
 59991 | Depths:4 | Received a gift from Okawaru
 60145 | Depths:4 | Noticed an ancient lich
 60155 | Depths:4 | Killed an ancient lich
 60930 | Depths:5 | Entered Level 5 of the Depths
 61278 | Depths:5 | Reached XP level 27. HP: 141/183 MP: 34/34
 62168 | Depths:5 | Found a gate to the Realm of Zot.
 62198 | Depths:5 | Received a gift from Okawaru
 62478 | Depths:5 | Found Maihyuff's Gadget Shop.
 62478 | Depths:5 | Found Qonee's Jewellery Shoppe.
 62479 | Depths:5 | Found Qiysaov's Jewellery Shoppe.
 62747 | Pan      | Entered Pandemonium
 63320 | Pan      | Found an exit through the horrors of the Abyss.
 63371 | Pan      | Noticed Xaowock the pandemonium lord
 63390 | Pan      | Killed Xaowock the pandemonium lord
 63856 | Pan      | Noticed a seraph
 63892 | Pan      | Killed a seraph
 63892 | Pan      | Reached skill level 5 in Translocations
 63991 | Pan      | Received a gift from Okawaru
 64010 | Pan      | Found a glowing golden altar of the Shining One.
 64598 | Pan      | Got a demonic rune of Zot
 64613 | Pan      | Identified the +7 executioner's axe "Idghaup" {chop, rC- rN+ Dex+4 Stlth+} (You found it in Pandemonium)
 64912 | Pan      | Got a distressingly furry large shield
 64923 | Pan      | Identified the cursed +0 large shield "Tysutuho" {rPois rF+ rN+ Dex-5} (You took it off a daeva in Pandemonium)
 65242 | Pan      | Reached skill level 5 in Spellcasting
 65330 | Pan      | Found a glowing silver altar of Zin.
 65350 | Pan      | Killed from afar by a daeva

Skill      XL: |  1  2  3  4  5  6  7  8  9 10 11 12 13 14 15 16 17 18 19 20 21 22 23 24 25 26 27 |
---------------+----------------------------------------------------------------------------------+-----
Shields        | 4 5 6 7 8 9 10 11 12 13 14 15 16 17 18 19 20 21 22 | 22.8
Maces & Flails | 3 4 5 7 9 10 11 12 13 14 15 16 17 18 19 20 21 | 21.7
Armour         | 4 5 6 7 9 10 11 12 13 14 15 16 17 18 19 20 21 22 | 22.6
Dodging        | 1 2 3 4 5 6 7 8 9 10 11 12 13 | 13.2
Fighting       | 4 5 6 7 9 10 11 12 13 14 15 16 17 18 19 20 21 22 | 22.4
Invocations    | 2 4 5 6 7 8 9 10 11 12 13 14 15 | 15.0
Spellcasting   | 3 5 |  5.0
Translocations | 3 5 |  5.7
Stealth        | |  0.8

Action                   |  1- 3 |  4- 6 |  7- 9 | 10-12 | 13-15 | 16-18 | 19-21 | 22-24 | 25-27 || total
-------------------------+-------+-------+-------+-------+-------+-------+-------+-------+-------++-------
Melee: Flail             |   136 |       |       |       |       |       |       |       |       ||   136
       Kick              |    15 |    40 |   117 |    48 |       |       |       |       |       ||   220
       Mace              |     7 |   127 |       |       |       |       |       |       |       ||   134
       Morningstar       |       |    81 |   408 |   540 |       |       |       |  1380 |  2649 ||  5058
       Demon whip        |       |       |       |   104 |  2064 |  2511 |  2523 |   795 |       ||  7997
 Cast: Blink             |       |       |       |       |       |       |       |       |    11 ||    11
Invok: Finesse           |       |       |       |     4 |     1 |     7 |     5 |    15 |    22 ||    54
       Heroism           |       |       |       |       |       |       |     1 |       |       ||     1
 Abil: Fly               |       |       |       |       |     1 |       |       |       |     2 ||     3
       Stop Flying       |       |       |       |       |       |       |       |     1 |     1 ||     2
Evoke: Wand              |       |       |       |       |     1 |       |       |       |       ||     1
  Use: Scroll            |     6 |     3 |     5 |     6 |    13 |    10 |     7 |    28 |    10 ||    88
       Potion            |     3 |     5 |     6 |     4 |     1 |       |     1 |     4 |     1 ||    25
 Stab: Confused          |       |       |       |       |     1 |       |       |       |       ||     1
       Petrified         |       |       |       |       |    13 |       |       |       |       ||    13
       Petrifying        |       |       |       |       |     1 |       |       |       |       ||     1
       Distracted        |       |       |       |       |       |       |       |     1 |     1 ||     2
  Eat: Chunk             |     2 |     8 |    13 |    17 |    34 |    35 |    26 |    34 |    31 ||   200
       Royal jelly       |       |       |       |       |     1 |       |       |     2 |       ||     3
       Bread ration      |       |       |       |       |       |       |       |       |     1 ||     1
       Fruit             |       |       |       |       |       |       |       |       |     1 ||     1
Armor: Scale mail        |    25 |       |       |       |       |       |       |       |       ||    25
       Chain mail        |    53 |   157 |   293 |   408 |   549 |       |       |       |       ||  1460
       Crystal plate arm |       |       |       |       |   244 |    99 |       |       |       ||   343
       Plate armour      |       |       |       |       |       |   998 |   949 |  1058 |   828 ||  3833
Dodge: Dodged            |    33 |    51 |   145 |   233 |   460 |   809 |   849 |   738 |   640 ||  3958
Block: Shield            |    93 |   109 |   297 |   426 |   945 |  1521 |  1634 |   182 |       ||  5207
       Large shield      |       |       |       |       |       |       |       |  1904 |  2561 ||  4465
       Reflection        |       |       |       |       |       |       |       |    45 |   109 ||   154
